[ AOE2 MATCH · #508119851 ]
UnrankedVietnamese vs Lithuanians
[ REPLAY ANALYSIS · EXTRACTED FROM THE RECORDED GAME ]
Feudal
9:10
Castle
21:45
Imperial
35:15
| APM avg | 36.3 |
| APM peak | 83 |
| eAPM avg | 24.2 |
| Villagers / military | 144 / 80 |
Focus
⚔️ 31.9% · 🌾 68.1%
Fire Lancer ×40 · Skirmisher ×21 · Spearman ×7 · Monk ×3 · Knight ×3 · Rattan Archer ×3
Feudal
10:37
Castle
22:04
Imperial
—
| APM avg | 90.7 |
| APM peak | 161 |
| eAPM avg | 30.9 |
| Villagers / military | 107 / 103 |
Focus
⚔️ 27.8% · 🌾 72.2%
Knight ×59 · Skirmisher ×26 · Scout Cavalry ×6 · Monk ×5 · Militia ×4 · Archer ×2
Match map
Initial resources + every placement click. Lines = walls · curves = elevation contours. ◆ gold · ⬟ stone · ● berries · ✦ relic · ◌ wall gap
Your base· ✓ Closed at 21:45 · 24t walls · 1 gate(s)
Gil-galad's base· Open — opponent sealed themselves in
Smoothed initial terrain · ◌ = detected wall gap · hover for details
Inputs per minute
— Sportfan - - Gil-galad
Build order — Sportfan
First 150 of 409 actions detected
| 0:00 | Queue | Villager (Male) |
| 0:00 | Queue | Villager (Male) |
| 0:00 | Queue | Villager (Male) |
| 0:02 | Build | House |
| 0:04 | Build | House |
| 0:13 | Queue | Villager (Male) |
| 1:42 | Queue | Villager (Male) |
| 1:58 | Queue | Villager (Male) |
| 2:02 | Build | Lumber Camp |
| 2:16 | Queue | Villager (Male) |
| 2:46 | Queue | Villager (Male) |
| 3:12 | Queue | Villager (Male) |
| 3:24 | Build | House |
| 3:37 | Queue | Villager (Male) |
| 3:49 | Queue | Villager (Male) |
| 3:49 | Queue | Villager (Male) |
| 4:26 | Queue | Villager (Male) |
| 4:40 | Build | Mill |
| 4:46 | Queue | Villager (Male) |
| 5:17 | Queue | Villager (Male) |
| 5:29 | Queue | Villager (Male) |
| 5:49 | Queue | Villager (Male) |
| 6:00 | Research | Loom |
| 7:00 | Research | Feudal Age |
| 7:46 | Queue | Villager (Male) |
| 8:02 | Build | Barracks |
| 8:27 | Queue | Villager (Male) |
| 8:36 | Build | House |
| 9:10 | Age | Feudal Age |
| 9:11 | Research | Double-Bit Axe |
| 9:11 | Research | Double-Bit Axe |
| 9:12 | Research | Horse Collar |
| 9:15 | Build | Farm |
| 9:18 | Build | Mill |
| 9:28 | Queue | Spearman |
| 9:39 | Build | Farm |
| 10:08 | Queue | Villager (Male) |
| 10:09 | Queue | Villager (Male) |
| 10:17 | Queue | Villager (Male) |
| 10:19 | Build | Farm |
| 10:31 | Build | Farm |
| 10:33 | Queue | Villager (Male) |
| 11:05 | Queue | Villager (Male) |
| 11:10 | Build | House |
| 11:12 | Build | House |
| 11:13 | Build | House |
| 11:14 | Build | House |
| 11:23 | Queue | Villager (Male) |
| 11:26 | Build | Farm |
| 11:34 | Queue | Spearman |
| 11:35 | Queue | Spearman |
| 11:41 | Build | Palisade Wall |
| 11:48 | Build | Palisade Wall |
| 11:59 | Build | Palisade Wall |
| 12:09 | Build | Farm |
| 12:12 | Queue | Villager (Male) |
| 12:18 | Queue | Villager (Male) |
| 12:40 | Build | Farm |
| 12:48 | Build | Farm |
| 12:53 | Build | House |
| 13:06 | Build | Palisade Wall |
| 13:11 | Queue | Villager (Male) |
| 13:16 | Build | Blacksmith |
| 13:31 | Queue | Villager (Male) |
| 13:34 | Build | House |
| 13:43 | Queue | Villager (Male) |
| 13:57 | Queue | Villager (Male) |
| 14:05 | Build | House |
| 14:07 | Build | House |
| 14:24 | Queue | Villager (Male) |
| 14:28 | Build | Palisade Wall |
| 14:35 | Build | Farm |
| 14:41 | Build | Archery Range |
| 14:49 | Build | Farm |
| 14:51 | Queue | Villager (Male) |
| 15:06 | Queue | Villager (Male) |
| 15:09 | Build | Mining Camp |
| 15:18 | Queue | Villager (Male) |
| 15:40 | Research | Wheelbarrow |
| 15:50 | Queue | Villager (Male) |
| 15:53 | Build | Lumber Camp |
| 15:59 | Build | Lumber Camp |
| 16:14 | Build | Farm |
| 16:15 | Build | Farm |
| 16:35 | Queue | Villager (Male) |
| 16:38 | Build | Farm |
| 16:47 | Build | House |
| 16:49 | Build | Palisade Gate |
| 17:07 | Build | House |
| 17:15 | Queue | Villager (Male) |
| 17:21 | Queue | Skirmisher |
| 17:22 | Queue | Skirmisher |
| 17:29 | Queue | Spearman |
| 17:35 | Build | House |
| 17:37 | Build | House |
| 17:59 | Queue | Villager (Male) |
| 18:11 | Queue | Villager (Male) |
| 18:16 | Build | House |
| 18:34 | Build | Market |
| 18:40 | Build | Farm |
| 18:40 | Build | Farm |
| 19:05 | Research | Castle Age |
| 19:05 | Research | Castle Age |
| 19:28 | Build | Stable |
| 19:42 | Build | House |
| 19:46 | Build | House |
| 19:49 | Queue | Skirmisher |
| 19:49 | Queue | Skirmisher |
| 19:51 | Research | Fletching |
| 20:15 | Queue | Skirmisher |
| 20:16 | Queue | Skirmisher |
| 20:24 | Research | Padded Archer Armor |
| 20:43 | Queue | Skirmisher |
| 20:50 | Queue | Villager (Male) |
| 21:06 | Build | Farm |
| 21:07 | Build | Farm |
| 21:37 | Queue | Villager (Male) |
| 21:45 | Age | Castle Age |
| 21:45 | Queue | Knight |
| 21:45 | Queue | Knight |
| 21:47 | Research | Bow Saw |
| 21:47 | Research | Bow Saw |
| 21:52 | Build | Town Center |
| 22:07 | Queue | Villager (Male) |
| 22:10 | Build | Monastery |
| 22:11 | Build | Farm |
| 22:12 | Build | Farm |
| 22:15 | Queue | Knight |
| 22:39 | Build | Town Center |
| 22:42 | Queue | Villager (Male) |
| 22:42 | Queue | Villager (Male) |
| 22:47 | Queue | Scout Cavalry |
| 22:52 | Queue | Villager (Male) |
| 22:53 | Queue | Villager (Male) |
| 22:55 | Queue | Monk |
| 23:00 | Build | Farm |
| 23:01 | Research | Heavy Plow |
| 23:03 | Build | Farm |
| 23:03 | Queue | Villager (Male) |
| 23:03 | Queue | Villager (Male) |
| 23:17 | Queue | Villager (Male) |
| 23:17 | Queue | Villager (Male) |
| 23:19 | Queue | Fire Lancer |
| 23:34 | Queue | Villager (Male) |
| 23:34 | Queue | Villager (Male) |
| 23:36 | Build | Farm |
| 23:45 | Build | Farm |
| 23:54 | Queue | Monk |
| 23:57 | Queue | Fire Lancer |
| 23:57 | Queue | Fire Lancer |
Build order — Gil-galad
First 150 of 321 actions detected
| 0:00 | Queue | Villager (Male) |
| 0:01 | Build | House |
| 0:03 | Build | House |
| 0:09 | Queue | Villager (Male) |
| 0:09 | Queue | Villager (Male) |
| 0:10 | Queue | Villager (Male) |
| 0:10 | Queue | Villager (Male) |
| 0:10 | Queue | Villager (Male) |
| 0:10 | Queue | Villager (Male) |
| 1:25 | Build | Lumber Camp |
| 1:32 | Queue | Villager (Male) |
| 2:07 | Queue | Villager (Male) |
| 2:08 | Queue | Villager (Male) |
| 2:39 | Queue | Villager (Male) |
| 3:13 | Queue | Villager (Male) |
| 3:14 | Queue | Villager (Male) |
| 3:27 | Build | House |
| 3:59 | Build | Barracks |
| 4:02 | Queue | Villager (Male) |
| 4:03 | Queue | Villager (Male) |
| 4:37 | Build | House |
| 4:44 | Queue | Villager (Male) |
| 4:53 | Queue | Militia |
| 4:53 | Queue | Militia |
| 5:05 | Queue | Villager (Male) |
| 5:13 | Queue | Militia |
| 5:25 | Queue | Villager (Male) |
| 6:01 | Queue | Villager (Male) |
| 6:03 | Queue | Militia |
| 6:12 | Build | Mill |
| 6:51 | Queue | Villager (Male) |
| 7:06 | Queue | Villager (Male) |
| 7:07 | Build | Mill |
| 7:43 | Queue | Villager (Male) |
| 7:44 | Research | Loom |
| 7:47 | Build | House |
| 8:27 | Research | Feudal Age |
| 8:27 | Research | Feudal Age |
| 8:47 | Build | Lumber Camp |
| 8:52 | Queue | Villager (Male) |
| 9:02 | Build | Palisade Wall |
| 9:05 | Build | Palisade Wall |
| 9:06 | Build | Palisade Wall |
| 9:07 | Build | Palisade Wall |
| 9:07 | Build | Palisade Wall |
| 9:17 | Queue | Villager (Male) |
| 10:17 | Queue | Villager (Male) |
| 10:28 | Build | Palisade Wall |
| 10:33 | Build | Palisade Wall |
| 10:37 | Age | Feudal Age |
| 10:40 | Build | Palisade Wall |
| 10:49 | Queue | Spearman |
| 10:59 | Build | House |
| 11:00 | Build | Palisade Wall |
| 11:01 | Build | Palisade Wall |
| 11:09 | Build | Stable |
| 11:13 | Research | Double-Bit Axe |
| 11:13 | Queue | Villager (Male) |
| 11:37 | Research | Horse Collar |
| 11:39 | Queue | Villager (Male) |
| 12:08 | Build | Farm |
| 12:08 | Queue | Scout Cavalry |
| 12:08 | Queue | Scout Cavalry |
| 12:10 | Queue | Villager (Male) |
| 12:12 | Build | Farm |
| 12:22 | Queue | Villager (Male) |
| 12:34 | Build | Farm |
| 12:35 | Queue | Villager (Male) |
| 12:37 | Build | Farm |
| 12:46 | Build | Farm |
| 12:54 | Build | Farm |
| 13:00 | Build | House |
| 13:04 | Build | House |
| 13:05 | Queue | Scout Cavalry |
| 13:17 | Build | Palisade Gate |
| 13:18 | Build | House |
| 13:35 | Queue | Villager (Male) |
| 13:36 | Build | Farm |
| 13:39 | Build | Farm |
| 13:41 | Build | Farm |
| 13:43 | Build | Farm |
| 14:07 | Queue | Villager (Male) |
| 14:22 | Queue | Villager (Male) |
| 14:24 | Build | Archery Range |
| 14:44 | Queue | Villager (Male) |
| 14:46 | Build | House |
| 15:05 | Queue | Villager (Male) |
| 15:07 | Build | Blacksmith |
| 15:10 | Build | Mining Camp |
| 15:20 | Queue | Villager (Male) |
| 15:22 | Build | Farm |
| 15:31 | Queue | Skirmisher |
| 15:31 | Queue | Skirmisher |
| 15:51 | Queue | Villager (Male) |
| 15:53 | Build | Farm |
| 15:57 | Build | Farm |
| 16:03 | Queue | Skirmisher |
| 16:03 | Queue | Skirmisher |
| 16:09 | Build | Palisade Wall |
| 16:17 | Research | Fletching |
| 16:18 | Research | Fletching |
| 16:34 | Queue | Skirmisher |
| 16:34 | Queue | Skirmisher |
| 16:43 | Queue | Villager (Male) |
| 16:47 | Build | Farm |
| 17:04 | Queue | Villager (Male) |
| 17:09 | Build | Farm |
| 17:25 | Build | House |
| 17:57 | Queue | Villager (Male) |
| 18:00 | Build | Farm |
| 18:03 | Build | Farm |
| 18:22 | Build | Market |
| 18:25 | Queue | Villager (Male) |
| 18:45 | Queue | Archer |
| 18:45 | Queue | Archer |
| 19:24 | Research | Castle Age |
| 20:05 | Research | Scale Barding Armor |
| 20:17 | Build | Stable |
| 20:23 | Research | Bloodlines |
| 20:26 | Queue | Skirmisher |
| 20:26 | Queue | Skirmisher |
| 20:54 | Research | Forging |
| 22:04 | Age | Castle Age |
| 22:07 | Queue | Knight |
| 22:07 | Queue | Knight |
| 22:07 | Queue | Villager (Male) |
| 22:10 | Research | Heavy Plow |
| 22:14 | Research | Bow Saw |
| 22:21 | Build | Town Center |
| 22:32 | Queue | Knight |
| 22:32 | Queue | Knight |
| 22:40 | Build | Monastery |
| 22:41 | Queue | Villager (Male) |
| 22:46 | Queue | Knight |
| 22:46 | Queue | Knight |
| 23:34 | Queue | Villager (Male) |
| 23:37 | Queue | Villager (Male) |
| 23:39 | Queue | Monk |
| 23:41 | Queue | Villager (Male) |
| 23:58 | Research | Chain Barding Armor |
| 24:00 | Queue | Knight |
| 24:01 | Queue | Knight |
| 24:01 | Queue | Knight |
| 24:07 | Queue | Villager (Male) |
| 24:09 | Research | Elite Skirmisher (upgrade) |
| 25:02 | Queue | Villager (Male) |
| 25:05 | Queue | Villager (Male) |
| 25:07 | Queue | Villager (Male) |
| 25:09 | Queue | Villager (Male) |
| 25:15 | Queue | Monk |
Match timeline
| 3:59 | Gil-galad · first_building Barracks |
| 8:02 | Sportfan · first_building Barracks |
| 9:02 | Gil-galad · wall_segment Palisade Wall x1 |
| 9:05 | Gil-galad · wall_segment Palisade Wall x9 |
| 9:06 | Gil-galad · wall_segment Palisade Wall x1 |
| 9:07 | Gil-galad · wall_segment Palisade Wall x1 |
| 9:07 | Gil-galad · wall_segment Palisade Wall x1 |
| 9:10 | Sportfan · age_up feudal |
| 10:28 | Gil-galad · wall_segment Palisade Wall x3 |
| 10:33 | Gil-galad · wall_segment Palisade Wall x10 |
| 10:37 | Gil-galad · age_up feudal |
| 10:40 | Gil-galad · wall_segment Palisade Wall x12 |
| 11:00 | Gil-galad · wall_segment Palisade Wall x2 |
| 11:01 | Gil-galad · wall_segment Palisade Wall x6 |
| 11:09 | Gil-galad · first_building Stable |
| 11:41 | Sportfan · wall_segment Palisade Wall x10 |
| 11:48 | Sportfan · wall_segment Palisade Wall x4 |
| 11:59 | Sportfan · wall_segment Palisade Wall x8 |
| 13:06 | Sportfan · wall_segment Palisade Wall x1 |
| 14:24 | Gil-galad · first_building Archery Range |
| 14:28 | Sportfan · wall_segment Palisade Wall x1 |
| 14:41 | Sportfan · first_building Archery Range |
| 16:09 | Gil-galad · wall_segment Palisade Wall x8 |
| 19:28 | Sportfan · first_building Stable |
| 21:45 | Sportfan · age_up castle |
| 22:04 | Gil-galad · age_up castle |
| 22:10 | Sportfan · first_building Monastery |
| 22:30 | Sportfan · first_market_buy 100 wood |
| 22:40 | Gil-galad · first_building Monastery |
| 24:04 | Gil-galad · first_market_sell 100 wood |
| 31:08 | Sportfan · first_market_sell 100 wood |
| 31:15 | Gil-galad · first_market_buy 100 food |
| 33:35 | Sportfan · first_building Castle |
| 35:07 | Gil-galad · first_building Castle |
| 35:15 | Sportfan · age_up imperial |
| 36:09 | Gil-galad · resign |
[ AI ANALYSIS · 1 CREDIT ]
What really happened in this match?
Wolo.gg analyzes every decision: build order, eco, micro, common mistakes by bracket. Personalized analysis on WhatsApp or Discord in 30 seconds.
Civ guide
Vietnamese
Perfil
Jugador #2268330